 Dungeon Crawl Stone Soup version 0.27.0-1-g7a089689b8 (webtiles) character file.

Game seed: 11682833147596521224

109 goblinbird the Poker (level 4, 0/33 HPs)
             Began as a Merfolk Gladiator on Aug 12, 2021.
             Slain by Grinder (2 damage)
             ... on level 3 of the Dungeon.
             The game lasted 00:08:35 (2545 turns).

goblinbird the Poker (Merfolk Gladiator)            Turns: 2545, Time: 00:08:35

Health: 0/33       AC:  6    Str: 14    XL:     4   Next: 89%
Magic:  4/4        EV: 13    Int:  7    God:
Gold:   83         SH:  0    Dex: 16    Spells: 3/3 levels left

rFire    . . .     SeeInvis .   a - +0 trident
rCold    . . .     Faith    .   (no shield)
rNeg     . . .     Spirit   .   b - +0 leather armour
rPois    .         Reflect  .   c - +0 helmet
rElec    .         Harm     .   (no cloak)
rCorr    .         Rampage  .   (no gloves)
Will     .....                  (no boots)
Stlth    +.........             (no amulet)
HPRegen  0.11/turn              (no ring)
MPRegen  0.09/turn              (no ring)

@: about to teleport
A: (nimble swimmer 2), mertail, iridescent scales 1
a: no special abilities


You were on level 3 of the Dungeon.
You visited 1 branch of the dungeon, and saw 3 of its levels.

You collected 151 gold pieces.
You spent 68 gold pieces at shops.

Inventory:

Hand Weapons
 a - a +0 trident (weapon)
Missiles
 i - 79 stones (quivered)
Armour
 b - a +0 leather armour (worn)
 c - a +0 helmet (worn)
Wands
 p - a wand of flame (21)
Scrolls
 f - 3 scrolls of enchant armour {unknown}
 g - a scroll of vulnerability
 h - a scroll of immolation {unknown}
 j - 3 scrolls of amnesia {unknown}
 l - a scroll of acquirement {unknown}
 m - a scroll of fog {unknown}
 n - a scroll of magic mapping {unknown}
Potions
 o - a potion of might {unknown}


   Skills:
 - Level 2.1 Fighting
 + Level 7.9 Polearms
 - Level 2.0 Throwing
 - Level 4.0 Dodging


You had 3 spell levels left.
You didn't know any spells.
Your spell library was empty.

Dungeon Overview and Level Annotations

Branches:
Dungeon (3/15)

Altars:

Shops:
D:1 *=?*   D:2 *

Annotations:
D:3 Grinder, Ijyb, Terence


Innate Abilities, Weirdness & Mutations

((You are quick and stealthy near water. (Stealth+, EV+, Speed+++)))
Your lower body shifts to a powerful aquatic tail in water.
You are partially covered in iridescent scales. (AC +2)


Message History

An endoplasm comes into view.
The endoplasm quivers.
Found 9 gold pieces.
Reach: a) +0 trident
Press: ? - help, Dir - move target, f - endoplasm
Aim: an endoplasm (about 13% to evade your +0 trident)
You reach to attack!
You hit the endoplasm.
The endoplasm is heavily wounded.
Reach: a) +0 trident
Press: ? - help, Dir - move target, f/p - endoplasm
Aim: an endoplasm (heavily wounded, about 13% to evade your +0 trident)
You reach to attack!
You puncture the endoplasm!
You kill the endoplasm!
Grinder gestures at you.
You suddenly lose the ability to move!
Grinder gestures at you.
You barely resist. Grinder gestures at you.
You shrug off the repeated paralysis!
Grinder gestures at you.
You shrug off the repeated paralysis!
Grinder hits you!
* * * LOW HITPOINT WARNING * * *
You writhe in agony.
* * * LOW HITPOINT WARNING * * *
You can move again.
It was a potion of curing.
You feel better. Grinder hits you.
* * * LOW HITPOINT WARNING * * *
You writhe in agony.
* * * LOW HITPOINT WARNING * * *
You feel better. Grinder barely misses you.
As you read the scroll of teleportation, it crumbles to dust.
You feel strangely unstable. Grinder gestures at you.
Pain shoots through your body!
* * * LOW HITPOINT WARNING * * *
It was a potion of mutation.
You feel extremely strange.
Iridescent scales grow over part of your body.
Grinder hits you.
You die...

... ...
#.....#
... .....
#@# .#.#.
# #.# #
... #
###.#
#....$#
@.#g#
#.#.#.#
#)#g#
#.....#
#.#.#
#..@..#
#...#
#.#5#.#
##.)## #
... #
##...####
.....
###.....#
#.#.#.#
..##.##.#
#.....#
#.##.#
..#
#.....#
#..#.#
#.# . ...
# ##.#.#
..


You could see Grinder.

Vanquished Creatures
  An orc priest (D:3)
  Robin (D:2)
  2 adders (D:2)
  2 dart slugs (D:2)
  2 orcs (D:3)
  3 bats
  4 endoplasms
  2 giant cockroaches
  5 goblins
  9 hobgoblins
  A jackal (D:2)
  5 kobolds (D:2)
  3 ball pythons
  2 frilled lizards
  A rat (D:1)
43 creatures vanquished.

Notes
Turn   | Place    | Note
-------+----------+-------------------------------------------
     0 | D:1      | goblinbird the Merfolk Gladiator began the quest for the
                  | Orb.
     0 | D:1      | Reached XP level 1. HP: 16/16 MP: 1/1
    41 | D:1      | Found Gioratzo's Assorted Antiques.
   307 | D:1      | Reached skill level 5 in Polearms
   310 | D:1      | Found Jemul's Assorted Antiques.
   593 | D:1      | Reached XP level 2. HP: 22/22 MP: 2/2
   680 | D:1      | Found Wegym's Jewellery Emporium.
   690 | D:1      | Found Nirphebuk's Magic Scroll Shoppe.
   698 | D:1      | Bought a scroll of identify for 24 gold pieces
  1310 | D:2      | Found Eshreixag's Assorted Antiques.
  1322 | D:2      | Bought a scroll labelled QEGEKUTA JUSE for 22 gold pieces
  1322 | D:2      | Bought a scroll labelled ONUSTR REKYQUT for 22 gold pieces
  1360 | D:2      | Reached skill level 6 in Polearms
  1360 | D:2      | Reached XP level 3. HP: 24/27 MP: 3/3
  1918 | D:2      | Reached skill level 7 in Polearms
  1918 | D:2      | Reached XP level 4. HP: 33/33 MP: 4/4
  2023 | D:3      | Noticed Terence
  2045 | D:3      | Noticed Ijyb
  2374 | D:3      | Noticed Robin
  2488 | D:2      | Killed Robin
  2533 | D:3      | Noticed Grinder
  2535 | D:3      | Paralysed by Grinder for 6 turns
  2545 | D:3      | Gained mutation: You are partially covered in iridescent
                  | scales. (AC +2) [potion of mutation]
  2545 | D:3      | Slain by Grinder

Illustrated notes

Levels and vault maps discovered:
D:1:      amcnicky_arrival_underground_garden, layout_loops_corners,
          serial_shops, shop, shop, shop, nicolae_shop_stone,
          hangedman_decor_growths, minmay_misc_feat_square
D:2:      minmay_razor_zed, layout_basic, serial_shops, shop,
          chequers_serial_rivers_micro_c
D:3:      layout_rooms, portal_sewer_entry_f, columned_hall_lemuel,
          kennysheep_cross_room, uniq_terence, uniq_grinder, uniq_robin,
          uniq_ijyb

Skill      XL: |  1  2  3 |
---------------+----------+-----
Polearms       | 5 6 7 |  7.9
Fighting       | |  2.1
Throwing       | |  2.0
Dodging        | |  4.0

Action                   |  1- 3 |  4- 6 || total
-------------------------+-------+-------++-------
Melee: Trident           |   103 |    49 ||   152
Throw: Stone             |    25 |       ||    25
       Throwing net      |       |     3 ||     3
  Use: Scroll            |     2 |     2 ||     4
       Potion            |       |     3 ||     3
 Stab: Sleeping          |     2 |       ||     2
       Held in net/web   |       |     2 ||     2
Armor: Leather armour    |    22 |     2 ||    24
Dodge: Dodged            |    49 |    11 ||    60
